[Event "Titled Tuesday Blitz January 03 Late 2023"]
[White "Altman, Joshua"]
[Black "Kaganskiy, Gleb"]
[WhiteFideId "426210"]
[BlackFideId "4132025"]
[WhiteElo "2120"]
[BlackElo "2205"]
[Result "1-0"]
[Round "04"]
[TimeControl "180+2"]
[Date "2023.01.03"]
[WhiteClock "0:00:20"]
[BlackClock "0:00:11"]

1. d4 Nf6 2. c4 e6 3. Nf3 d5 4. Nc3 c5 5. cxd5 cxd4 6. Nxd4 Nxd5 7. e4 Nxc3 8. bxc3 Bd7 9. Bd3 Nc6 10. O-O Be7 11. Be3 O-O 12. Rb1 b6 13. Qe2 e5 14. Nf5 Bxf5 15. exf5 Bg5 16. Be4 Rc8 17. Rbd1 Qf6 18. Bxg5 Qxg5 19. Rd6 Na5 20. f6 g6 21. Bd5 Rcd8 22. Rxd8 Rxd8 23. Qf3 Qf4 24. Re1 Qxf3 25. Bxf3 Nc4 26. g3 Rd6 27. Be2 Na5 28. Bb5 Rxf6 29. Rxe5 Re6 30. Rd5 Re1+ 31. Kg2 Ra1 32. Rd7 Rxa2 33. Rxa7 Rc2 34. Be8 Rxc3 35. Bxf7+ Kg7 36. Bd5+ Kf6 37. Rxh7 Rc5 38. Rf7+ Ke5 39. Bf3 Nc4 40. Rg7 Kf6 41. Rb7 Ra5 42. Be2 Ne5 43. Rxb6+ Kg7 44. Re6 Kf7 45. Rb6 Kg7 46. h4 Rc5 47. Bf3 Ra5 48. Be4 Rc5 49. f4 Nc4 50. Rxg6+ Kf7 51. Rg5 Ne3+ 52. Kf3 Rc3 53. Ke2 Nc4 54. Bd5+ Kf6 55. Bxc4 Rxc4 56. Kf3 Rc3+ 57. Kg4 Ra3 58. h5 Rb3 59. Rg6+ Kf7 60. Kh4 Rb8 61. g4 Rh8 62. Kg5 Rc8 63. f5 Rc5 64. h6 Rc8 65. h7 Rh8 66. Rh6 Kg7 67. Kh5 Kf7 68. g5 Kg7 69. g6 Kf8 70. f6 1-0


[Site "https://www.chess.com"]

[Event "Titled Tuesday Blitz January 03 Late 2023"]
[White "Andreev, Eduard"]
[Black "Bove, Alessandro"]
[WhiteFideId "14103400"]
[BlackFideId "814121"]
[WhiteElo "2413"]
[BlackElo "2311"]
[Result "1-0"]
[Round "04"]
[TimeControl "180+2"]
[Date "2023.01.03"]
[WhiteClock "0:00:49"]
[BlackClock "0:00:13"]

1. Nf3 Nf6 2. g3 g6 3. Bg2 Bg7 4. d4 O-O 5. c4 c6 6. O-O d5 7. b3 Bf5 8. Bb2 Nbd7 9. Nc3 e6 10. Nh4 h5 11. Nxf5 exf5 12. e3 dxc4 13. bxc4 Qe7 14. Qb3 Nb6 15. Ba3 Qe6 16. Bxf8 Rxf8 17. c5 Nbd5 18. Nxd5 Nxd5 19. Qxb7 g5 20. Rab1 f4 21. e4 Nc3 22. d5 cxd5 23. exd5 Qf5 24. d6 Qxc5 25. d7 fxg3 26. hxg3 h4 27. gxh4 gxh4 28. Rbe1 Be5 29. Re3 Qd6 30. Qc6 Qb8 31. Rc1 Qb2 32. Rce1 f6 33. Qc4+ Kg7 34. Qe6 Qb8 35. Qe7+ Kg8 36. Rh3 Qb4 37. Qxb4 1-0


[Site "https://www.chess.com"]

[Event "Titled Tuesday Blitz January 03 Late 2023"]
[White "Jorajuria Mendoza, Algol"]
[Black "gshwbedhkhd"]
[WhiteFideId "5128897"]
[WhiteElo "2069"]
[BlackElo "2511"]
[Result "0-1"]
[Round "04"]
[TimeControl "180+2"]
[Date "2023.01.03"]
[WhiteClock "0:00:07"]
[BlackClock "0:00:31"]

1. e4 c5 2. Nf3 e6 3. d4 cxd4 4. Nxd4 Nf6 5. Bd3 Nc6 6. Nxc6 bxc6 7. O-O d5 8. exd5 cxd5 9. Re1 Be7 10. c4 Bb7 11. Qa4+ Qd7 12. Qxd7+ Nxd7 13. cxd5 Bxd5 14. Nc3 Bb7 15. Bf4 O-O 16. Rad1 Nf6 17. h3 a6 18. Be5 Rfd8 19. Bc2 Nd5 20. Bb3 Nb4 21. Bc7 Rdc8 22. Rd7 Bf8 23. Ba5 Bc6 24. Rd2 Be8 25. Re4 Nc6 26. Bb6 Rab8 27. Be3 Na5 28. Ba4 Nc4 29. Rxc4 Rxc4 30. Bxe8 Rxe8 31. Kf1 f5 32. Ke2 f4 33. Bb6 Rb8 34. Ba5 e5 35. Kd3 Rd4+ 36. Kc2 Rxd2+ 37. Kxd2 Rxb2+ 0-1


[Site "https://www.chess.com"]

[Event "Titled Tuesday Blitz January 03 Late 2023"]
[White "Golizadeh, Asghar"]
[Black "Derige Kane, Yan"]
[WhiteFideId "12505269"]
[BlackFideId "20665431"]
[WhiteElo "2455"]
[BlackElo "2204"]
[Result "0-1"]
[Round "04"]
[TimeControl "180+2"]
[Date "2023.01.03"]
[WhiteClock "0:00:05"]
[BlackClock "0:00:18"]

1. Nf3 Nf6 2. g3 g6 3. Bg2 Bg7 4. d4 O-O 5. Nbd2 c5 6. dxc5 Qa5 7. a3 Qxc5 8. b4 Qc3 9. Rb1 d6 10. Bb2 Qc7 11. c4 b6 12. Nd4 Bb7 13. Nb5 Qc8 14. Bxb7 Qxb7 15. O-O h5 16. Nf3 Nbd7 17. Nc3 Rac8 18. Nd5 Nxd5 19. cxd5 Bxb2 20. Rxb2 Rc4 21. Qd2 Kg7 22. Rd1 Rfc8 23. Qg5 Nf6 24. Nh4 Kh7 25. Rd3 Ne4 26. Qf4 Nf6 27. Qf3 Kg7 28. Kg2 Ng4 29. Rdd2 Ne5 30. Qe3 Rc3 31. Qg5 Kh7 32. f4 f6 33. fxe5 fxg5 34. Nf3 Kh6 35. e6 Rf8 36. h4 gxh4 37. gxh4 Rc4 38. Kh3 Rff4 39. Kg3 Rg4+ 40. Kf2 Rgf4 41. Kg3 Rg4+ 42. Kf2 Qc8 43. Ng5 Rxg5 44. hxg5+ Kxg5 45. Rd3 Qf8+ 46. Ke1 Rc1+ 47. Kd2 Qf1 48. Rg3+ Kh6 49. Ke3 Qe1 50. Rf3 Qc3+ 51. Kf2 Qxb2 52. Rf7 Rc2 53. Rxe7 Rxe2+ 54. Kf3 Rf2+ 55. Ke3 Qd2+ 56. Ke4 Rf4# 0-1


[Site "https://www.chess.com"]

[Event "Titled Tuesday Blitz January 03 Late 2023"]
[White "Sukandar, Irine Kharisma"]
[Black "Polanco Nunez, Yoel Estarling"]
[WhiteFideId "7101937"]
[BlackFideId "6401783"]
[WhiteElo "2390"]
[BlackElo "2162"]
[Result "1-0"]
[Round "04"]
[TimeControl "180+2"]
[Date "2023.01.03"]
[WhiteClock "0:00:24"]
[BlackClock "0:00:37"]

1. e4 e5 2. Nf3 Nc6 3. Bb5 a6 4. Ba4 Nf6 5. O-O Be7 6. Qe2 d6 7. c3 O-O 8. h3 b5 9. Bc2 Bb7 10. a3 Re8 11. d4 Bf8 12. Rd1 Qc8 13. d5 Ne7 14. a4 c6 15. dxc6 Qxc6 16. Re1 Ng6 17. Na3 bxa4 18. Nb1 Red8 19. Nbd2 a3 20. Rxa3 d5 21. exd5 Nxd5 22. Ra5 Ndf4 23. Qe3 Rac8 24. Be4 Qc7 25. Bxb7 Qxb7 26. Qe4 Qc7 27. Rxa6 Nd3 28. Ra1 Nxe1 29. Qxe1 f5 30. Nf1 e4 31. Nd4 Qf7 32. Bg5 Re8 33. Ng3 f4 34. Nxe4 Qd5 35. f3 Rxe4 36. Qxe4 Qxg5 37. Qe6+ Kh8 38. Qxc8 h5 39. Qf5 Qg3 40. Qxh5+ Kg8 41. Ne2 Bc5+ 42. Qxc5 1-0


[Site "https://www.chess.com"]

[Event "Titled Tuesday Blitz January 03 Late 2023"]
[White "Carbone, Diego"]
[Black "Weisz, Bryan"]
[WhiteFideId "3002179"]
[BlackFideId "30934133"]
[WhiteElo "2336"]
[BlackElo "1973"]
[Result "0-1"]
[Round "04"]
[TimeControl "180+2"]
[Date "2023.01.03"]
[WhiteClock "0:00:05"]
[BlackClock "0:00:08"]

1. d4 e6 2. c4 d5 3. Nf3 a6 4. Nbd2 Nf6 5. g3 Nbd7 6. Bg2 dxc4 7. Nxc4 b5 8. Nfe5 Nxe5 9. Nxe5 Bb4+ 10. Kf1 Nd5 11. Nc6 Qd6 12. Nxb4 Qxb4 13. a4 Bb7 14. b3 Nc3 15. Qd2 Bxg2+ 16. Kxg2 Qxb3 17. axb5 Qd5+ 18. f3 Nxb5 19. Bb2 O-O 20. e4 Qd6 21. d5 exd5 22. exd5 Rfd8 23. Rhd1 c6 24. Qg5 f6 25. Qf5 cxd5 26. Ra4 Rac8 27. Rh4 g6 28. Qxf6 Rc2+ 29. Kh1 Qxf6 30. Bxf6 Re8 31. f4 d4 32. Be5 Rd8 33. Ra1 d3 34. Kg1 d2 35. Rd1 Rc1 36. Kf2 Rxd1 37. Ke2 Re1+ 38. Kf3 d1=Q+ 39. Kg2 Qe2+ 40. Kh3 h5 41. Rxh5 gxh5 42. Kh4 Qg4# 0-1


[Site "https://www.chess.com"]

[Event "Titled Tuesday Blitz January 03 Late 2023"]
[White "Rego, Vinicius V. de Almeida"]
[Black "Berezin, Viktor"]
[WhiteFideId "2106485"]
[BlackFideId "14107872"]
[WhiteElo "2238"]
[BlackElo "2307"]
[Result "0-1"]
[Round "04"]
[TimeControl "180+2"]
[Date "2023.01.03"]
[WhiteClock "0:00:08"]
[BlackClock "0:01:51"]

1. d4 Nf6 2. c4 g6 3. Nc3 Bg7 4. e4 d6 5. Nf3 O-O 6. Be2 e5 7. dxe5 dxe5 8. Qxd8 Rxd8 9. Bg5 Re8 10. O-O-O h6 11. Bh4 g5 12. Bg3 Nh5 13. Nd2 Nf4 14. Bf1 Na6 15. f3 c6 16. Bf2 Be6 17. g3 Ng6 18. c5 Bf8 19. Bxa6 bxa6 20. Nb3 g4 21. Na5 gxf3 22. Rd3 f5 23. Rxf3 f4 24. gxf4 exf4 25. Rg1 Kh7 26. b4 Bg7 27. Nxc6 Rac8 28. Nd4 Rcd8 29. Nf5 Bxf5 30. exf5 Ne5 31. Rh3 Nd3+ 32. Rxd3 Rxd3 33. Be1 Bxc3 0-1


[Site "https://www.chess.com"]

[Event "Titled Tuesday Blitz January 03 Late 2023"]
[White "Vifleemskaia, Svetlana"]
[Black "Girsh, Daniel"]
[WhiteFideId "4129490"]
[BlackFideId "30949190"]
[WhiteElo "1971"]
[BlackElo "2123"]
[Result "1-0"]
[Round "04"]
[TimeControl "180+2"]
[Date "2023.01.03"]
[WhiteClock "0:00:20"]
[BlackClock "0:00:14"]

1. d4 Nf6 2. c4 e6 3. Nc3 Bb4 4. e3 O-O 5. Ne2 c6 6. a3 Ba5 7. b4 Bc7 8. f4 d5 9. c5 Ne4 10. Nxe4 dxe4 11. Nc3 f5 12. Bc4 Qf6 13. O-O b6 14. Bb2 Ba6 15. b5 cxb5 16. Nxb5 Bxb5 17. Bxb5 bxc5 18. Qc2 c4 19. Bxc4 Bb6 20. Kh1 Nc6 21. d5 Qh6 22. dxc6 Bxe3 23. Qb3 Bxf4 24. Bxe6+ Kh8 25. g3 Rab8 26. Qc3 Bg5 27. Bxf5 Bf6 28. Qc1 Rxb2 29. Qxh6 gxh6 30. c7 Rc2 31. c8=Q Rfxc8 32. Bxc8 Bxa1 33. Bb7 Bb2 34. Bxe4 Re2 35. Bd3 Rd2 36. Be4 Re2 37. Bd3 Rd2 38. Be4 Bxa3 39. Rf7 Bc5 40. Rxh7+ Kg8 41. Rxh6 a5 42. Ra6 Bb4 43. h4 Kf7 44. h5 Rd3 45. Bxd3 Kg7 46. h6+ Kf7 47. h7 Bc3 48. Ra7+ Ke6 49. Ra8 Bd4 50. Kg2 a4 51. Rxa4 Kf7 52. Rxd4 Kg7 53. Rd7+ Kh6 54. h8=Q+ Kg5 55. Qe5+ Kh6 56. Qf6+ Kh5 57. Rh7+ Kg4 58. Rh4# 1-0


[Site "https://www.chess.com"]

[Event "Titled Tuesday Blitz January 03 Late 2023"]
[White "Fisher_TheGalactic"]
[Black "Rosenberg, Evan S"]
[BlackFideId "2019299"]
[WhiteElo "2492"]
[BlackElo "1956"]
[Result "0-1"]
[Round "04"]
[TimeControl "180+2"]
[Date "2023.01.03"]
[WhiteClock "0:00:05"]
[BlackClock "0:00:18"]

1. Nf3 d5 2. g3 Nd7 3. Bg2 e5 4. d3 Bd6 5. O-O Ngf6 6. Nbd2 O-O 7. e4 c6 8. Nh4 Re8 9. Qe2 a5 10. Nf5 Bf8 11. Nf3 h6 12. Rd1 a4 13. a3 Nc5 14. N3h4 Qc7 15. Be3 Ra6 16. Rab1 Be6 17. Qd2 Ng4 18. h3 Nxe3 19. Nxe3 d4 20. Nf1 g6 21. Kh2 Kg7 22. Qe2 Be7 23. Nf3 Rb6 24. N1d2 Ba2 25. Nc4 Bxc4 26. dxc4 Qd7 27. Ne1 Rh8 28. Nd3 Nxd3 29. cxd3 Rb3 30. Rf1 h5 31. f4 exf4 32. Rxf4 h4 33. Rbf1 hxg3+ 34. Kg1 f6 35. R4f3 Rxh3 36. Bxh3 Qxh3 37. e5 f5 38. e6 Kf6 39. Re1 Qh2+ 40. Qxh2 gxh2+ 41. Kxh2 Rxb2+ 42. Kg3 g5 43. Rff1 f4+ 44. Kf3 Kf5 45. Re2 g4+ 46. Kf2 Bh4+ 47. Kg2 Rxe2+ 48. Kh1 Rxe6 49. c5 Re1 50. Kg2 f3+ 0-1


[Site "https://www.chess.com"]

[Event "Titled Tuesday Blitz January 03 Late 2023"]
[White "Silva, Miguel Antonio Neto"]
[Black "SilverCityIndigo"]
[WhiteFideId "1911929"]
[WhiteElo "2204"]
[BlackElo "2335"]
[Result "0-1"]
[Round "04"]
[TimeControl "180+2"]
[Date "2023.01.03"]
[WhiteClock "0:00:05"]
[BlackClock "0:00:16"]

1. e4 c5 2. Nf3 d6 3. d4 cxd4 4. Nxd4 Nf6 5. Nc3 a6 6. Bd3 Nc6 7. Nxc6 bxc6 8. O-O e5 9. f4 Be7 10. Kh1 O-O 11. fxe5 dxe5 12. Qe2 Qb6 13. Na4 Qb4 14. b3 Bg4 15. Qe1 a5 16. Bd2 Qb7 17. Qg3 Be6 18. Qxe5 Rfd8 19. Nc5 Bxc5 20. Qxc5 Nxe4 21. Bxe4 Rxd2 22. Rad1 Rad8 23. Rxd2 Rxd2 24. Qxa5 Rd6 25. c4 g6 26. Qc5 Qd7 27. Bf3 h5 28. a4 Rd2 29. a5 Ra2 30. Rd1 Rd2 31. Re1 h4 32. b4 h3 33. g3 Bg4 34. Qe3 Rd3 35. Qe8+ Kg7 36. Bxg4 Qxg4 37. Qe5+ Kh7 38. Qe2 Qxe2 39. Rxe2 Rd1+ 0-1


[Site "https://www.chess.com"]

[Event "Titled Tuesday Blitz January 03 Late 2023"]
[White "Ankerst, Mihael"]
[Black "Kalogeris, Ioannis"]
[WhiteFideId "14602369"]
[BlackFideId "4239563"]
[WhiteElo "2370"]
[BlackElo "2423"]
[Result "0-1"]
[Round "04"]
[TimeControl "180+2"]
[Date "2023.01.03"]
[WhiteClock "0:01:21"]
[BlackClock "0:01:03"]

1. e4 e5 2. Nf3 Nc6 3. Nc3 Nf6 4. d4 Bb4 5. Nxe5 Qe7 6. Qd3 Nxe5 7. dxe5 Qxe5 8. Bd2 O-O 9. f3 d5 10. f4 Qe7 11. e5 Bxc3 12. Bxc3 Ne4 13. Be2 Bf5 14. O-O Rfd8 15. Be1 Qe6 16. Kh1 Nf2+ 17. Bxf2 Bxd3 18. cxd3 Rac8 19. g4 c5 20. Bg3 f5 21. gxf5 Qxf5 22. Rad1 c4 23. dxc4 dxc4 24. Bxc4+ Kf8 25. Kg1 Rxd1 26. Rxd1 Rxc4 0-1


[Site "https://www.chess.com"]

[Event "Titled Tuesday Blitz January 03 Late 2023"]
[White "reevecanada"]
[Black "Torres Dominguez, David"]
[BlackFideId "2220857"]
[WhiteElo "2486"]
[BlackElo "1994"]
[Result "1-0"]
[Round "04"]
[TimeControl "180+2"]
[Date "2023.01.03"]
[WhiteClock "0:00:18"]
[BlackClock "0:00:02"]

1. e4 Nc6 2. d4 e5 3. d5 Nce7 4. d6 cxd6 5. Nc3 Ng6 6. g3 Nf6 7. Bg2 d5 8. exd5 Bb4 9. Ne2 d6 10. h4 h6 11. a3 Ba5 12. Be3 Bd7 13. Qd3 O-O 14. O-O-O b5 15. Qd2 Ng4 16. h5 Ne7 17. f3 Nxe3 18. Qxe3 b4 19. axb4 Bxb4 20. g4 Qa5 21. Bh3 Bc5 22. Qe4 Rab8 23. g5 Bxh3 24. Rxh3 f5 25. gxf6 Rxf6 26. f4 Rb4 27. Qf3 Nf5 28. Qd3 exf4 29. Ne4 Be3+ 30. Rxe3 Rf7 31. Rf3 Rfb7 32. b3 Qa3+ 33. Kd2 Qa5 34. N2c3 Ne3 35. Rg1 1-0


[Site "https://www.chess.com"]

[Event "Titled Tuesday Blitz January 03 Late 2023"]
[White "Guo, Josh"]
[Black "Martins, Bruno Andre Leite"]
[WhiteFideId "2682427"]
[BlackFideId "1942255"]
[WhiteElo "2112"]
[BlackElo "2348"]
[Result "0-1"]
[Round "04"]
[TimeControl "180+2"]
[Date "2023.01.03"]
[WhiteClock "0:00:19"]
[BlackClock "0:00:59"]

1. e4 b6 2. d4 Bb7 3. Nc3 e6 4. Bd3 Nf6 5. Nf3 Bb4 6. Qe2 d5 7. e5 Ne4 8. Bd2 Nxd2 9. Qxd2 c5 10. a3 Bxc3 11. bxc3 Ba6 12. Bxa6 Nxa6 13. O-O O-O 14. Qd3 Nb8 15. dxc5 bxc5 16. c4 dxc4 17. Qxc4 Nd7 18. Rfd1 Qc7 19. Qe4 h6 20. h3 Nb6 21. Rd6 c4 22. Rad1 Nd5 23. Rd4 Rac8 24. Nd2 c3 25. Nb3 Rfd8 26. Rxd8+ Qxd8 27. Rc4 Rxc4 28. Qxc4 Qg5 29. Qe2 Qf4 30. Qf3 Qa4 31. Qd3 Qxa3 32. Qc4 Qa2 33. Nd4 Qxc4 0-1


[Site "https://www.chess.com"]

[Event "Titled Tuesday Blitz January 03 Late 2023"]
[White "Itkis, Boris"]
[Black "Ibadov, Dashgyn"]
[WhiteFideId "1209167"]
[BlackFideId "24107514"]
[WhiteElo "2329"]
[BlackElo "2391"]
[Result "0-1"]
[Round "04"]
[TimeControl "180+2"]
[Date "2023.01.03"]
[WhiteClock "0:02:03"]
[BlackClock "0:01:10"]

1. e4 c5 2. Nf3 Nc6 3. d4 cxd4 4. Nxd4 Nf6 5. Nc3 e5 6. Ndb5 d6 7. Nd5 Nxd5 8. exd5 Nb8 9. a4 Be7 10. Be2 a6 11. Nc3 a5 12. O-O O-O 13. Nb5 f5 14. f4 Nd7 15. Ra3 Bf6 16. Be3 exf4 17. Bd4 Ne5 18. Rxf4 Re8 19. Rc3 Ng6 20. Rf1 Bxd4+ 21. Nxd4 Qb6 22. Bb5 Re4 23. Rc4 Ne5 24. Rxc8+ Rxc8 25. c4 0-1


[Site "https://www.chess.com"]

[Event "Titled Tuesday Blitz January 03 Late 2023"]
[White "Adury, Anant"]
[Black "Ladan, Nicholas"]
[WhiteFideId "30964687"]
[BlackFideId "30918855"]
[WhiteElo "2123"]
[BlackElo "2228"]
[Result "0-1"]
[Round "04"]
[TimeControl "180+2"]
[Date "2023.01.03"]
[WhiteClock "0:00:10"]
[BlackClock "0:00:28"]

1. Nf3 d5 2. c4 c6 3. e3 Nf6 4. Nc3 g6 5. b3 Bg7 6. Bb2 O-O 7. Be2 a5 8. O-O Nbd7 9. cxd5 cxd5 10. Nb5 a4 11. Ne5 Nxe5 12. Bxe5 a3 13. Rc1 Ne4 14. Bxg7 Kxg7 15. d3 Nd6 16. Nxd6 Qxd6 17. d4 Bf5 18. Bd3 Rfc8 19. Bxf5 gxf5 20. Qd3 e6 21. h3 Rc6 22. Rxc6 Qxc6 23. b4 Qc4 24. Qxc4 dxc4 25. b5 Ra4 26. Rb1 c3 27. Kf1 c2 28. Rc1 Rb4 29. Rxc2 Rb2 30. Re2 Rxb5 31. Ke1 Rb1+ 32. Kd2 b5 33. Kc3 b4+ 34. Kc4 Rb2 35. Re1 Rxa2 36. Kxb4 Rxf2 37. Kxa3 Rxg2 38. Kb4 Rg3 39. e4 fxe4 40. Rxe4 Rxh3 41. Kc4 Rh5 42. Kd3 Rf5 43. Ke3 h5 44. Rh4 Kg6 45. Rh1 Rg5 46. Kf4 Rg4+ 47. Ke5 Rg5+ 48. Kf4 Rf5+ 49. Kg3 Kf6 50. Ra1 Ke7 51. Ra7+ Kd6 52. Ra6+ Kd5 53. Ra4 Ke4 54. Rb4 Rd5 55. Ra4 Rxd4 56. Ra6 Rd5 57. Ra7 Rf5 58. Rd7 e5 59. Re7 Kd3 60. Ra7 e4 61. Ra3+ Kd4 62. Ra4+ Ke3 63. Ra3+ Kd2 64. Ra2+ Kc3 65. Ra3+ Kb4 66. Re3 Rf3+ 67. Rxf3 exf3 68. Kxf3 f5 69. Kf4 h4 70. Kf3 Kc4 71. Kg2 Kd3 72. Kf3 Kd4 73. Kf4 Kd5 74. Kf3 Ke5 75. Kg2 Kf4 0-1


[Site "https://www.chess.com"]

[Event "Titled Tuesday Blitz January 03 Late 2023"]
[White "Kovacs, Klara"]
[Black "Jovic, Stanoje"]
[WhiteFideId "733210"]
[BlackFideId "905020"]
[WhiteElo "2121"]
[BlackElo "2075"]
[Result "1-0"]
[Round "04"]
[TimeControl "180+2"]
[Date "2023.01.03"]
[WhiteClock "0:00:57"]
[BlackClock "0:00:13"]

1. d4 Nf6 2. Nf3 e6 3. g3 b5 4. Bg2 Bb7 5. O-O c5 6. a4 b4 7. c3 a5 8. Bg5 Na6 9. Nbd2 d5 10. Nb3 c4 11. Bxf6 gxf6 12. Nbd2 Bd6 13. Nh4 f5 14. Nxc4 dxc4 15. Bxb7 Ra7 16. Bc6+ Kf8 17. Bg2 f4 18. e4 Rd7 19. e5 Bxe5 20. Qe2 Bb8 21. Qxc4 Nc7 22. Qc5+ Kg7 23. Qxa5 Nd5 24. Qxd8 Rhxd8 25. Rfc1 Ba7 26. a5 Rc7 27. Bxd5 Rxd5 28. Nf3 fxg3 29. hxg3 f6 30. cxb4 Rb7 31. Rc4 Rdb5 32. a6 Rd7 33. Ra5 Rb8 34. Kg2 Kf7 35. b5 Ke7 36. b4 Bb6 37. Ra2 Ba7 38. Ra5 Bb6 39. Rc5 Rd5 40. Rxd5 exd5 41. a7 Ra8 42. Ra6 1-0


[Site "https://www.chess.com"]

[Event "Titled Tuesday Blitz January 03 Late 2023"]
[White "Khandelwal, Ankush"]
[Black "La Villa Rivas, Marlon Javier"]
[WhiteFideId "413470"]
[BlackFideId "3519546"]
[WhiteElo "2205"]
[BlackElo "2246"]
[Result "0-1"]
[Round "04"]
[TimeControl "180+2"]
[Date "2023.01.03"]
[WhiteClock "0:00:13"]
[BlackClock "0:00:18"]

1. e4 c5 2. Nf3 d6 3. d4 cxd4 4. Nxd4 Nf6 5. Nc3 Nc6 6. Bg5 Bd7 7. Qd2 Rc8 8. O-O-O Nxd4 9. Qxd4 Qa5 10. Bxf6 gxf6 11. Kb1 Bg7 12. f4 O-O 13. f5 b5 14. Nd5 Rfe8 15. h4 b4 16. h5 Bh6 17. Rh3 Qc5 18. Rg3+ Kf8 19. Qd3 Bb5 20. Qb3 a5 21. Bxb5 Qxb5 22. Qf3 Qc4 23. c3 bxc3 24. Nxc3 Rb8 25. Rg4 Rec8 26. Qg3 Bg5 27. Rc1 Qb4 28. Rc2 a4 29. e5 Qb6 30. Rxg5 fxg5 31. Qxg5 dxe5 32. h6 Rxc3 33. Qg7+ Ke8 34. Qh8+ Kd7 35. Rd2+ Kc6 36. Qxe5 Qg1+ 37. Rd1 Qxd1# 0-1


[Site "https://www.chess.com"]

[Event "Titled Tuesday Blitz January 03 Late 2023"]
[White "Papayan, Oleg"]
[Black "Fernandez Hernandez, Gerardo"]
[WhiteFideId "4193911"]
[BlackFideId "2207400"]
[WhiteElo "2253"]
[BlackElo "2181"]
[Result "0-1"]
[Round "04"]
[TimeControl "180+2"]
[Date "2023.01.03"]
[WhiteClock "0:00:01"]
[BlackClock "0:00:15"]

1. e4 e6 2. d4 d5 3. Nc3 Nc6 4. e5 f6 5. Nf3 fxe5 6. Nxe5 Nf6 7. Bb5 Bd7 8. Bxc6 Bxc6 9. Qe2 Bd7 10. Bg5 Bd6 11. Nxd5 O-O 12. Nxd7 Qxd7 13. Nxf6+ gxf6 14. Bh6 Rfe8 15. O-O-O Qf7 16. Qg4+ Qg6 17. Qxg6+ hxg6 18. h4 Kf7 19. Rh3 c6 20. c4 b5 21. b3 a5 22. Bd2 a4 23. c5 Bc7 24. b4 Rad8 25. Be3 Rd5 26. h5 Rxh5 27. Rdh1 Reh8 28. Rxh5 Rxh5 29. Rxh5 gxh5 30. Kd2 Kg6 31. Ke2 Kf5 32. Kf3 e5 33. g3 e4+ 34. Kg2 Ke6 0-1


[Site "https://www.chess.com"]

[Event "Titled Tuesday Blitz January 03 Late 2023"]
[White "Papp, Petra"]
[Black "Fishbein, Mitch"]
[WhiteFideId "739049"]
[BlackFideId "30922917"]
[WhiteElo "2343"]
[BlackElo "2120"]
[Result "0-1"]
[Round "04"]
[TimeControl "180+2"]
[Date "2023.01.03"]
[WhiteClock "0:01:15"]
[BlackClock "0:02:06"]

1. d4 Nf6 2. Nc3 d5 3. Bf4 a6 4. Nf3 e6 5. e3 Bd6 6. Bd3 c5 7. Ne5 Nc6 8. Nxc6 bxc6 9. Qd2 Bxf4 10. exf4 cxd4 11. Ne2 c5 12. O-O O-O 13. Ng3 Qd6 14. Rfe1 Bd7 15. h3 Bc6 16. Nf1 c4 17. Be2 Qc5 18. Nh2 Ne4 19. Qd1 d3 20. cxd3 Qxf2+ 0-1


[Site "https://www.chess.com"]

[Event "Titled Tuesday Blitz January 03 Late 2023"]
[White "Yeritsyan, Hayk"]
[Black "Nissinen, Niilo Man"]
[WhiteFideId "13307320"]
[BlackFideId "30950767"]
[WhiteElo "2241"]
[BlackElo "1958"]
[Result "1-0"]
[Round "04"]
[TimeControl "180+2"]
[Date "2023.01.03"]
[WhiteClock "0:00:46"]
[BlackClock "0:00:36"]

1. d4 Nf6 2. Nf3 b6 3. e3 Bb7 4. Bd3 e6 5. Nbd2 Be7 6. O-O O-O 7. Qe2 d5 8. Ne5 h6 9. f4 Nbd7 10. Qf3 c5 11. c3 Nxe5 12. fxe5 Nd7 13. Qh3 Re8 14. Nf3 Nf8 15. g4 f6 16. exf6 Bxf6 17. Qg3 Qb8 18. Qh3 Qd8 19. Bd2 a5 20. Rf2 Ba6 21. Bc2 Nh7 22. Rg2 Ng5 23. Nxg5 Bxg5 24. Qh5 Qf6 25. Rf2 g6 26. Bxg6 Qe7 27. Rf7 Ra7 1-0


[Site "https://www.chess.com"]

[Event "Titled Tuesday Blitz January 03 Late 2023"]
[White "Curtis, John"]
[Black "Pein, Jonathan"]
[WhiteFideId "3200256"]
[BlackFideId "417092"]
[WhiteElo "2292"]
[BlackElo "2265"]
[Result "1-0"]
[Round "04"]
[TimeControl "180+2"]
[Date "2023.01.03"]
[WhiteClock "0:00:45"]
[BlackClock "0:00:04"]

1. e4 e5 2. Nf3 d6 3. d4 exd4 4. Nxd4 Nf6 5. Nc3 g6 6. Bc4 Bg7 7. O-O O-O 8. Bb3 Nbd7 9. f3 Re8 10. a3 Nc5 11. Ba2 a5 12. Be3 b6 13. Qd2 Bb7 14. Rad1 Qe7 15. Bg5 Qf8 16. Rfe1 h6 17. Be3 Re7 18. Qf2 Rae8 19. Qg3 Nh5 20. Qxg6 Nf6 21. Nf5 Ne6 22. Qg3 Kh7 23. Nxg7 Qxg7 24. Qxg7+ Nxg7 25. Bd4 Nd7 26. Bd5 c6 27. Ba2 d5 28. Bf2 dxe4 29. Rxe4 c5 30. Rxe7 Rxe7 31. Bh4 f6 32. Bd5 Bxd5 33. Nxd5 Re2 34. Nf4 Re7 35. Kf1 Nf5 36. Bf2 Ne5 37. Nd5 Rf7 38. b3 a4 39. Re1 axb3 40. cxb3 c4 41. b4 Nd3 42. Re6 c3 43. Nxc3 Rc7 44. Rxf6 Ng7 45. Bd4 Rd7 46. Ne2 Nb2 47. Bxb2 Rd1+ 48. Kf2 Rd2 49. Bc3 Rc2 50. Rf7 Kh8 51. Bxg7+ Kg8 52. Rb7 b5 53. Bxh6 Rd2 54. Bxd2 Kh8 55. Nd4 Kg8 56. Rxb5 Kh8 1-0


[Site "https://www.chess.com"]

[Event "Titled Tuesday Blitz January 03 Late 2023"]
[White "Tamarozi, Isabelle"]
[Black "Kleinman, Michael"]
[WhiteFideId "2132400"]
[BlackFideId "2609479"]
[WhiteElo "1982"]
[BlackElo "2387"]
[Result "0-1"]
[Round "04"]
[TimeControl "180+2"]
[Date "2023.01.03"]
[WhiteClock "0:00:02"]
[BlackClock "0:00:31"]

1. e4 e5 2. Nf3 Nc6 3. Bb5 a6 4. Ba4 Nf6 5. d3 b5 6. Bb3 Bc5 7. a4 Bb7 8. Bg5 h6 9. Bh4 g5 10. Bg3 d6 11. Nbd2 Na5 12. axb5 Nxb3 13. Nxb3 axb5 14. Rxa8 Qxa8 15. Nxc5 dxc5 16. Bxe5 Qa6 17. b3 Ke7 18. O-O Rd8 19. Qa1 Qxa1 20. Rxa1 Ne8 21. Ra7 Bxe4 22. Bxc7 Rd7 23. Ne5 Rxc7 24. Rxc7+ Nxc7 25. dxe4 Ne6 26. g3 Nd4 27. Nd3 Kd6 28. Ne1 g4 29. h3 h5 30. hxg4 hxg4 31. Kg2 Ke5 32. f4+ gxf3+ 33. Nxf3+ Kxe4 34. Ng5+ Ke3 35. Nxf7 Nxc2 36. Ne5 Nd4 37. b4 cxb4 38. Ng4+ Kd2 39. Ne5 b3 40. Nf3+ Nxf3 41. Kxf3 b2 0-1


[Site "https://www.chess.com"]

[Event "Titled Tuesday Blitz January 03 Late 2023"]
[White "Calcada, Lucas Galvan"]
[Black "Quinones Garcia, Santiago"]
[WhiteFideId "22746099"]
[BlackFideId "4408497"]
[WhiteElo "1739"]
[BlackElo "2248"]
[Result "1-0"]
[Round "04"]
[TimeControl "180+2"]
[Date "2023.01.03"]
[WhiteClock "0:00:26"]
[BlackClock "0:00:43"]

1. e4 e5 2. Nf3 Nc6 3. Bb5 a6 4. Ba4 Nf6 5. O-O Be7 6. Re1 b5 7. Bb3 O-O 8. c3 d5 9. d4 Nxe4 10. dxe5 Be6 11. Nbd2 Nc5 12. Bc2 d4 13. Nb3 Nxb3 14. axb3 Bg4 15. Qd3 g6 16. Nxd4 Qe8 17. Bh6 Rd8 18. Bxf8 Bxf8 19. Qe4 Nxd4 20. cxd4 Be6 21. Qe3 Qc6 22. Be4 Bd5 23. Rec1 Qb7 24. Bxd5 Rxd5 25. Qe4 c6 26. h3 Qd7 27. Rxa6 Rxd4 28. Qxc6 Rd1+ 29. Rxd1 Qxd1+ 30. Kh2 Qxb3 31. e6 Qxb2 32. exf7+ Kg7 33. Qf3 b4 34. g3 Qd4 35. Kg2 Qc4 36. Rb6 Qxf7 37. Rb7 Be7 38. Qe4 Kf8 39. Rb8+ Kg7 40. Rb7 Kf8 41. Qd4 Kg8 42. Rb8+ Bf8 43. Qxb4 Qd5+ 44. Kh2 Qf5 45. Rxf8+ Qxf8 46. Qxf8+ Kxf8 47. Kg2 Kf7 48. Kf3 Kf6 49. Kf4 h6 50. h4 Ke6 51. g4 Kf6 52. h5 gxh5 53. gxh5 Ke6 54. Ke4 Kf6 55. f4 Ke6 56. f5+ Kf6 57. Kf4 Kf7 58. Ke5 Ke7 59. f6+ Kf7 60. Kf5 Kf8 61. Kg6 Kg8 62. Kxh6 Kf7 63. Kg5 1-0


[Site "https://www.chess.com"]